 Dungeon Crawl Stone Soup version 0.31-a0-880-g9a209b2425 (webtiles) character file.

Game seed: 6280364747397536240

15282 boombarfnjin2354fg the Slicer (level 11, -1/80 (89) HPs)
             Began as a Purple Draconian Fighter on Oct 15, 2023.
             Was a Priest of Hepliaklqana.
             Slain by a spriggan
             ... wielding the +3 spear "Fyliatt" {drain, rN++ Dex+5 Stlth-}
              (2 damage)
             ... on level 1 of the Lair of Beasts.
             The game lasted 00:32:22 (10107 turns).

boombarfnjin2354fg the Slicer (DrFi)               Turns: 10107, Time: 00:32:22

HP:   -1/80 (89)    AC:  9    Str: 32    XL:     11   Next: 99%
MP:   12/12         EV: 15    Int:  8    God:    Hepliaklqana [***...]
Gold: 544           SH:  0    Dex: 11    Spells: 10/10 levels left

rFire   + . .        O - +8 halberd of Pugrur {vamp, rF+ rC+ Will+ Str+3}
rCold   + . .        (shield currently unavailable)
rNeg    . . .        (body armour unavailable)
rPois   .            (helmet restricted)
rElec   .            q - +0 cloak
rCorr   .            o - +0 pair of gloves
SInv    .            (no boots)
Will    ++...        (no amulet)
Stlth   +++          y - +6 ring of strength
HPRegen 0.33/turn    A - ring of flight
MPRegen 0.13/turn

%: no passive effects
@: lethally poisoned (-1 -> -20), flying, heavily drained
A: reduced essence, breathe power, AC +7, unfitting armour, cold-blooded
a: Breathe Dispelling Energy, Renounce Religion, Recall Ancestor, Ancestor
Identity, Transference


You were on level 1 of the Lair of Beasts.
You worshipped Hepliaklqana.
Hepliaklqana was most pleased with you.
You visited 3 branches of the dungeon, and saw 11 of its levels.
You also visited: Bailey.

You collected 544 gold pieces.

Inventory:

Hand Weapons
 a - a +0 war axe
 m - the +7 short sword of Severance {venom, rElec rPois Dex-3}
   (You found it on level 2 of the Dungeon)

   Dex-3:     It affects your dexterity (-3).
   rElec:     It insulates you from electricity.
   rPois:     It protects you from poison
 s - a +2 whip of draining
 u - a +0 scythe of venom
 v - a +3 quarterstaff of chaos
 H - the +9 lance "Wyrmbane" {slay drac, rPois rF+ rC+ AC+3}
   (You took it off Maggie on level 8 of the Dungeon)

   AC+3:      It affects your AC (+3).
   rF+:       It protects you from fire.
   rC+:       It protects you from cold.
   rPois:     It protects you from poison
 O - the +8 halberd of Pugrur (weapon) {vamp, rF+ rC+ Will+ Str+3}
   (You found it in a bailey)

   Str+3:     It affects your strength (+3).
   rF+:       It protects you from fire.
   rC+:       It protects you from cold.
   Will+:     It increases your willpower.
Armour
 b - a +0 buckler
 o - a +0 pair of gloves (worn)
 q - a +0 cloak (worn)
Jewellery
 y - a +6 ring of strength (left hand)
 A - a ring of flight (right hand)
 D - a ring of protection from fire
 K - a ring of wizardry
 Q - a +6 ring of intelligence
Wands
 B - a wand of light (5)
 E - a wand of digging (7)
 F - a wand of flame (17)
 J - a wand of polymorph (7)
 P - a wand of iceblast (4)
Scrolls
 c - a scroll of immolation {unknown}
 d - 2 scrolls of revelation
 g - 3 scrolls of blinking {unknown}
 i - 3 scrolls of amnesia
 j - 3 scrolls of identify
 p - a scroll of poison {unknown}
 r - 4 scrolls of fog {unknown}
 t - 2 scrolls of butterflies {unknown}
 w - 2 scrolls of fear {unknown}
 x - 3 scrolls of teleportation {unknown}
 z - a scroll of noise {unknown}
 I - 2 scrolls of enchant weapon {unknown}
 L - a scroll of enchant armour {unknown}
 M - 2 scrolls of vulnerability {unknown}
Potions
 e - 2 potions of haste {unknown}
 f - a potion of degeneration {unknown}
 h - 6 potions of curing
 k - 3 potions of invisibility {unknown}
 l - 4 potions of brilliance
 n - 3 potions of enlightenment {unknown}
 C - a potion of might
 G - a potion of berserk rage {unknown}
 N - 3 potions of mutation {unknown}


   Skills:
 + Level 10.0 Fighting
 + Level 10.0 Short Blades
 + Level 4.2(6.4) Axes
 + Level 7.4(8.0) Polearms
 + Level 8.5 Dodging
 + Level 5.5 Stealth
 + Level 6.3 Shields
 * Level 1.9 Invocations


You had 10 spell levels left.
You didn't know any spells.
Your spell library contained the following spells:

 Spells                   Type           Power      Damage    Failure   Level
 Freeze                   Ice            0%         1d3       41%         1
 Kiss of Death            Conj/Necr      0%         2d5       41%         1
 Blink                    Tloc           0%         N/A       54%         2
 Poisonous Vapours        Pois/Air       0%         N/A       54%         2
 Confusing Touch          Hex            0%         N/A       78%         3
 Dazzling Flash           Conj/Hex       0%         N/A       78%         3
 Frozen Ramparts          Ice            0%         1d1       78%         3
 Hailstorm                Conj/Ice       0%         3d3       78%         3
 Inner Flame              Hex/Fire       0%         N/A       78%         3
 Mephitic Cloud           Conj/Pois/Air  0%         N/A       78%         3
 Tukima's Dance           Hex            0%         N/A       78%         3
 Volatile Blastmotes      Fire/Tloc      0%         2d10      78%         3
 Animate Dead             Necr           0%         N/A       99%         4
 Dimensional Bullseye     Hex/Tloc       0%         N/A       99%         4
 Dispel Undead            Necr           0%         3d6       99%         4
 Iskenderun's Mystic Bla  Conj/Tloc      0%         2d3       99%         4
 Manifold Assault         Tloc           0%         N/A       99%         4
 Freezing Cloud           Conj/Ice/Air   0%         6-21      100%        5
 Yara's Violent Unravell  Hex/Tmut       0%         3d3       100%        5
 Starburst                Conj/Fire      0%         6d3       100%        6
 Enfeeble                 Hex            0%         N/A       100%        7
 Haunt                    Necr/Summ      0%         N/A       100%        7
 Infestation              Necr           0%         N/A       100%        8
 Maxwell's Capacitive Co  Air            0%         ∞         100%        8


Dungeon Overview and Level Annotations

Branches:
Dungeon (9/15)             Temple (1/1) D:4            Lair (1/5) D:8
 Bailey (visited)
    Orc: D:9-12

Altars:
Ashenzari
Cheibriados
Dithmenos
Elyvilon
Fedhas
Gozag
Hepliaklqana
Kikubaaqudgha
Makhleb
Nemelex Xobeh
Okawaru
Qazlal
Ru
Sif Muna
Trog
Uskayaw
Vehumet
Wu Jian
Xom
Yredelemnul
Zin
The Shining One

Shops:
D:1 (   D:7 *

Annotations:
D:6 Pikel, Prince Ribbit
Lair:1 Gargoyl's ghost, journeyman GrBe


Innate Abilities, Weirdness & Mutations

Your life essence is reduced to manifest your ancestor. (-10% HP)
You can breathe bolts of dispelling energy.
Your rich purple scales are hard. (AC +7)
You cannot fit into any form of body armour.
You are cold-blooded and may be slowed by cold attacks.


Message History

You see here a +0 spear.
You swap places.
There is a staircase to the Lair here.
You fly downwards.
Welcome back to the Lair of Beasts!
Level annotation: 1 runed translucent door, Gargoyl's ghost, journeyman GrBe
There is a staircase back to the Dungeon, spattered with blood here.
Things that are here:
a +0 animal skin; a -2 spear Gargoyl's ghost turns its malevolent gaze towards you.
You reach down and open the door.
The spriggan rider shouts!
The spriggan shouts!
The spriggan barely misses you. The spriggan barely misses you.
The spriggan hits you from afar with the +3 spear "Fyliatt" {drain, rN++ Dex+5 Stlth-}.
You feel drained.
Mettia barely misses the spriggan.
You reach to attack!
You barely miss the spriggan.
The spriggan hits you from afar with the +3 spear "Fyliatt" {drain, rN++ Dex+5 Stlth-}.
You feel drained.
Mettia hits Gargoyl's ghost but does no damage.
You reach to attack!
You hit Gargoyl's ghost.
Gargoyl's ghost is lightly damaged.
The spriggan hits you from afar with the +3 spear "Fyliatt" {drain, rN++ Dex+5 Stlth-}!
You feel drained.
Mettia hits Gargoyl's ghost with a +0 quarterstaff!!
You swap places.
Gargoyl's ghost hits you!
You are poisoned.
The spriggan hits you from afar with a +0 trident!
The spriggan rider hits you from afar with a +0 spear!
* * * LOW HITPOINT WARNING * * *
The spriggan closely misses you.
There is an open translucent door, spattered with blood here.
* * * LOW HITPOINT WARNING * * *
You feel very sick. The spriggan attacks as it pursues you!
The spriggan hits you from afar with a +0 trident!
* * * LOW HITPOINT WARNING * * *
The spriggan hits you from afar with the +3 spear "Fyliatt" {drain, rN++ Dex+5 Stlth-}.
* * * LOW HITPOINT WARNING * * *
You feel drained.
You die...

.................................
...........................÷.....
####.###........#####............
###.####...###P##♣♣♣####..##..###
#...R.##...######!.♣♣♣♣######.###
#......#....#...##♣...♣♣ ##....##
#.....#.....[...⌠#i.♣..♣ #.....##
......##...#....R#i....♣###....##
#+.+####...##...@W♣♣!♣.♣#......##
#...###....####..#i..♣.♣###...###
............###.⌠#h....♣####.####
................##..♣.♣♣#........
................#.♣♣♣ ♣##........
..........).....#♣♣ ####.........
................# ###............
...............####..............
.............#....#.......######.


You could see the friendly Mettia the battlemage, a spriggan rider, 2 spriggans,
a wolf and Gargoyl's ghost (ally target).

Vanquished Creatures
  Amaemon (Lair:1)
  A cane toad (Lair:1)
  An orange demon (Lair:1)
  Maggie (D:8)
  A kobold demonologist (D:7)
  A hornet (D:8)
  A troll (D:5)
  Grinder (D:4)
  3 blink frogs (Lair:1)
  2 spriggans (Bailey)
  Sigmund (D:4)
  22 yaks
  Eustachio (D:4)
  2 basilisks (Lair:1)
  Grum (Lair:1)
  2 steam dragons
  Menkaure (D:5)
  5 water moccasins
  A black bear (D:8)
  An ice beast (D:6)
  5 ogres
  An orc warrior (D:8)
  A sky beast (D:7)
  2 wolves (Lair:1)
  A centaur (D:9)
  A kobold brigand (D:7)
  A phantom (D:4)
  8 bullfrogs
  A gnoll sergeant (D:9)
  3 scorpions
  4 wights
  An electric eel (D:9)
  2 quasits (D:4)
  4 jellies
  Crazy Yiuf (D:4)
  2 gnoll boudas
  7 hounds
  4 orc priests
  3 orc wizards
  11 gnolls
  3 adders
  2 shadow imps (D:4)
  2 white imps
  5 ufetubi
  3 worms
  28 orcs
  7 ball pythons
  3 bats
  3 endoplasms
  3 giant cockroaches
  6 goblins
  8 hobgoblins
  3 quokkas
  5 frilled lizards
  9 kobolds
  10 rats
213 creatures vanquished.

Vanquished Creatures (collateral kills)
  A two-headed ogre (Bailey)
  Joseph (D:8)
  Maurice (D:9)
  A gargoyle (D:9)
  4 spriggans (Bailey)
  2 yaks (Lair:1)
  2 steam dragons
  5 water moccasins
  A sky beast (D:8)
  2 black bears
  A centaur (D:9)
  3 ogres (Bailey)
  2 wolves (Lair:1)
  A bullfrog (D:9)
  4 wights
  An iguana (D:6)
  A gnoll (D:9)
  2 orcs (D:5)
  2 goblins (D:9)
37 creatures vanquished.

Vanquished Creatures (others)
  4 battlemagi
  An ancestor (D:5)
5 creatures vanquished.

Grand Total: 255 creatures vanquished

Notes
Turn   | Place    | Note
-------+----------+-------------------------------------------
     0 | D:1      | boombarfnjin2354fg the Draconian Fighter began the quest
                  | for the Orb.
     0 | D:1      | Reached XP level 1. HP: 19/19 MP: 1/1
   194 | D:1      | Reached XP level 2. HP: 26/26 MP: 2/2
   400 | D:1      | Found Saipt's Weapon Emporium.
   965 | D:2      | Reached XP level 3. HP: 30/33 MP: 3/3
  1118 | D:2      | Reached XP level 4. HP: 39/40 MP: 4/4
  1137 | D:2      | Identified the +7 short sword of Severance {venom, rElec
                  | rPois Dex-3}
  1588 | D:3      | Found a bloodstained altar of Trog.
  1920 | D:3      | Reached skill level 1 in Short Blades
  1920 | D:3      | Reached XP level 5. HP: 34/46 MP: 5/5
  2209 | D:4      | Noticed Grinder
  2211 | D:4      | Noticed Eustachio
  2215 | D:4      | Paralysed by Grinder for 4 turns
  2228 | D:4      | Killed Grinder
  2229 | D:4      | Reached skill level 1 in Stealth
  2229 | D:4      | Reached XP level 6. HP: 53/53 MP: 6/6
  2251 | D:4      | Killed Eustachio
  2252 | D:4      | Your scales start taking on a rich purple colour.
  2252 | D:4      | Reached XP level 7. HP: 29/60 MP: 7/7
  2298 | D:4      | Reached skill level 5 in Fighting
  2571 | D:4      | Found a staircase to the Ecumenical Temple.
  2613 | Temple   | Entered the Ecumenical Temple
  2663 | Temple   | Became a worshipper of Hepliaklqana the Forgotten
  3043 | D:4      | Noticed Sigmund
  3056 | D:4      | Killed Sigmund
  3057 | D:4      | Reached XP level 8. HP: 38/69 MP: 8/8
  3095 | D:4      | Found a runed translucent door.
  3096 | D:4      | Noticed Crazy Yiuf
  3276 | D:4      | Killed Crazy Yiuf
  3653 | D:5      | Entered Level 5 of the Dungeon
  3702 | D:5      | Reached skill level 5 in Short Blades
  3702 | D:5      | Reached skill level 5 in Dodging
  3957 | D:5      | Noticed Menkaure
  3966 | D:5      | Killed Menkaure
  4120 | D:5      | Reached * piety under Hepliaklqana
  4260 | D:5      | Found a sparkling altar of Nemelex Xobeh.
  4309 | D:5      | Noticed a troll
  4319 | D:5      | Killed a troll
  4897 | D:6      | Noticed Prince Ribbit
  4903 | D:6      | Noticed Pikel
  4906 | D:6      | Reached XP level 9. HP: 33/69 MP: 9/9
  5100 | D:7      | Noticed a kobold demonologist
  5110 | D:7      | Killed a kobold demonologist
  5111 | D:7      | Reached skill level 5 in Shields
  5173 | D:7      | Found a burning altar of Makhleb.
  5543 | D:7      | Found a hide-covered altar of Uskayaw.
  5576 | D:7      | Found Kurghisu's Lightly-Used Armoury.
  5789 | D:7      | Reached ** piety under Hepliaklqana
  5940 | D:7      | Reached XP level 10. HP: 58/77 MP: 10/10
  5945 | D:7      | Remembered your ancestor Mettia as a battlemage
  6293 | D:7      | Found a glowing silver altar of Zin.
  6614 | D:8      | Noticed Joseph
  6633 | D:8      | Killed Joseph
  6985 | D:8      | Found a staircase to the Lair.
  7202 | D:8      | Noticed Maggie
  7222 | D:8      | Killed Maggie
  7521 | Lair:1   | Entered Level 1 of the Lair of Beasts
  7560 | Lair:1   | Reached skill level 5 in Stealth
  7744 | Lair:1   | Reached skill level 10 in Short Blades
  7744 | Lair:1   | Found a runed translucent door.
  7744 | Lair:1   | Noticed Grum
  7746 | Lair:1   | Identified the +3 spear "Fyliatt" {drain, rN++ Dex+5
                  | Stlth-}
  7748 | Lair:1   | Noticed Gargoyl's ghost (journeyman GrBe)
  7749 | Lair:1   | Killed Grum
  7750 | Lair:1   | Reached skill level 1 in Polearms
  7750 | Lair:1   | Reached XP level 11. HP: 67/85 MP: 11/11
  7760 | Lair:1   | Noticed a spriggan rider
  7824 | Lair:1   | Noticed Amaemon
  7844 | Lair:1   | Killed Amaemon
  8138 | Lair:1   | Reached *** piety under Hepliaklqana
  9319 | D:9      | Found a flagged portal.
  9337 | Bailey   | Entered a bailey
  9352 | Bailey   | Reached skill level 5 in Polearms
  9408 | Bailey   | Identified the +0 swamp dragon scales of Lifelessness
                  | {rPois rF+ rC+ Regen+ Int+3}
  9437 | Bailey   | Noticed a two-headed ogre
  9446 | Bailey   | Killed a two-headed ogre
  9481 | Bailey   | Identified the +8 halberd of Pugrur {vamp, rF+ rC+ Will+
                  | Str+3}
  9615 | D:9      | Found a white marble altar of Elyvilon.
  9642 | D:9      | Noticed Maurice
  9650 | D:9      | Something stole a +0 scythe of venom
  9652 | D:9      | Killed Maurice
  9653 | D:9      | Reached skill level 1 in Invocations
  9733 | D:9      | Found a broken altar of Ashenzari.
  9823 | D:9      | Reached skill level 10 in Fighting
  9847 | D:9      | Found a sacrificial altar of Ru.
 10107 | Lair:1   | HP: 1/82 [spriggan/the +3 spear "Fyliatt" {drain, rN++
                  | Dex+5 Stlth-} (6)]
 10107 | Lair:1   | Slain by a spriggan

Illustrated notes

Levels and vault maps discovered:
D:1:      tekkud_arrival_beachfront_property, layout_basic, serial_shops,
          nicolae_shop_bloodbath_and_beyond
D:2:      layout_rooms
D:3:      minmay_chambers_of_threes, layout_rooms, lemuel_tele_altar
D:4:      layout_loops_ring, minmay_temple_entry_butterflies, serial_demonic,
          serial_demonic_e, serial_demonic_d, serial_demonic_b,
          serial_demonic_f, uniq_grinder, uniq_eustachio,
          uniq_crazy_yiuf_cottage, uniq_sigmund
D:5:      layout_cave_pods, nemelex_diamond_rough_becter, uniq_menkaure
D:6:      layout_cave_pools, uniq_pikel, uniq_blork_the_orc, uniq_prince_ribbit1
D:7:      layout_basic, marbit_many_paths, lemuel_doored_altar,
          lemuel_crystal_altar, grunt_ministairs_14, minmay_shop_damaged,
          nicolae_figureground_pulse
D:8:      layout_basic, due_lair_maze_entry_diamond, uniq_joseph, uniq_maggie
D:9:      layout_roguey, mainiacjoe_overflow_alcove_2,
          grunt_temple_overflow_open, enter_bailey_5,
          kennysheep_generic_room_16, uniq_maurice
Temple:   eino_temple_water
Lair:1:   layout_regular_city, ebering_ghost_funeral_grove, uniq_amaemon,
          uniq_grum

Skill      XL: |  1  2  3  4  5  6  7  8  9 10 11 |
---------------+----------------------------------+-----
Dodging        | 3 4 5 6 7 8 |  8.5
Fighting       | 4 5 6 7 8 10 | 10.0
Axes           | 3 4 |  4.2
Short Blades   | 1 2 3 4 6 8 10 | 10.0
Stealth        | 1 2 4 5 |  5.5
Shields        | 4 5 6 |  6.3
Polearms       | 1 7 |  7.4
Invocations    | 1 |  1.9

Action                     |  1- 3 |  4- 6 |  7- 9 | 10-12 || total
---------------------------+-------+-------+-------+-------++-------
  Melee: War axe           |    64 |     1 |       |       ||    65
         Tailslap          |     5 |     8 |    42 |    45 ||   100
         Short sword       |       |   105 |   354 |   106 ||   565
         Lance             |       |       |       |   167 ||   167
         Halberd           |       |       |       |    46 ||    46
 Invoke: Recall Ancestor   |       |       |       |     1 ||     1
         Ancestor Life: Ba |       |       |       |     1 ||     1
Ability: Breathe Dispellin |       |       |       |     2 ||     2
    Use: Potion            |       |     1 |       |       ||     1
         Scroll            |       |       |       |     4 ||     4
   Stab: Sleeping          |       |       |     2 |     3 ||     5
         Distracted        |       |       |     1 |     2 ||     3
 Armour: Skin              |    30 |    80 |   164 |   180 ||   454
  Dodge: Dodged            |    34 |    68 |   150 |   122 ||   374
  Block: Buckler           |    13 |    14 |    66 |    34 ||   127

Table legend: (Time is in decaauts)
 A = Elapsed time spent in this place.
 B = Non-inter-level travel time spent in this place.
 C = Inter-level travel time spent in this place.
 D = Time resting spent in this place.
 E = Time spent auto-exploring this place.
 F = Levels seen in this place.
 G = Mean time per level.
                   A        B        C        D        E       F      G
               +--------+--------+--------+--------+--------+-----+--------+
         Total |   9985 |   8162 |   1823 |      0 |   6548 |  12 |  832.1 |
       Dungeon |   8410 |   6964 |   1446 |      0 |   5695 |   9 |  934.4 |
        Temple |     61 |      4 |     57 |      0 |      0 |   1 |   61.0 |
          Lair |   1303 |    983 |    320 |      0 |    772 |   1 | 1303.0 |
        Bailey |    209 |    209 |      0 |      0 |     81 |   1 |  209.0 |
               +--------+--------+--------+--------+--------+-----+--------+

Top non-repeatable levels by time:
     D:8: 1696 daAuts
     D:4: 1392 daAuts
  Lair:1: 1303 daAuts
     D:7: 1276 daAuts
     D:5: 1109 daAuts
     D:1: 887 daAuts
     D:2: 692 daAuts
     D:3: 630 daAuts
     D:9: 598 daAuts
  Bailey: 209 daAuts
     D:6: 126 daAuts
  Temple: 61 daAuts
